 Dungeon Crawl Stone Soup version 0.30-a0-311-gf115ab0292 (webtiles) character file.

Game seed: 10639795748713904970

23 retardedninja the Covered (level 2, -2/27 HPs)
             Began as a Minotaur Fighter on Oct 25, 2022.
             Slain by a worm (4 damage)
             ... on level 2 of the Dungeon.
             The game lasted 00:01:14 (917 turns).

retardedninja the Covered (Minotaur Fighter)         Turns: 917, Time: 00:01:15

Health: -2/27      AC:  7    Str: 20    XL:     2   Next: 72%
Magic:  1/1        EV:  9    Int:  5    God:
Gold:   41         SH:  4    Dex:  9    Spells: 1/1 levels left

rFire   . . .      SeeInvis .    a - +0 war axe
rCold   . . .      Faith    .    c - +0 buckler
rNeg    . . .      Spirit   .    b - +0 scale mail
rPois   .          Reflect  .    (helmet restricted)
rElec   .          Harm     .    (no cloak)
rCorr   .          Rampage  .    (no gloves)
Will    .....                    (no boots)
Stlth   ..........               (no amulet)
HPRegen 0.24/turn                (no ring)
MPRegen 0.07/turn                (no ring)

@: slowed, very slow
A: horns 2, retaliatory headbutt
a: no special abilities


You were on level 2 of the Dungeon.
You visited 1 branch of the dungeon, and saw 2 of its levels.

You collected 41 gold pieces.

Inventory:

Hand Weapons
 a - a +0 war axe (weapon)
 k - the +2 quarterstaff "Riackew" {vorpal, Dex+3}
   (You found it on level 2 of the Dungeon)

   It inflicts extra damage upon your enemies.
   Dex:       It affects your dexterity (+3).
Armour
 b - a +0 scale mail (worn)
 c - a +0 buckler (worn)
Scrolls
 e - a scroll of immolation {unknown}
 f - a scroll of teleportation {unknown}
 g - 2 scrolls of noise {unknown}
 h - a scroll of amnesia {unknown}
Potions
 d - 2 potions of might
 i - a potion of invisibility
 j - 2 potions of degeneration {unknown}


   Skills:
 + Level 3.9 Fighting
 + Level 3.0 Axes
 + Level 4.2 Armour
 + Level 3.8 Shields


You had one spell level left.
You didn't know any spells.
Your spell library contained the following spells:

 Spells                   Type           Power      Damage    Failure   Level
 Stone Arrow              Conj/Erth      0%         3d7       99%         3
 Animate Armour           Summ/Erth      0%         N/A       100%        4
 Lehudib's Crystal Spear  Conj/Erth      0%         10d2      100%        8


Dungeon Overview and Level Annotations

Branches:
Dungeon (2/15)

Altars:

Annotations:
D:2 Jessica


Innate Abilities, Weirdness & Mutations

You have a pair of horns on your head.
You reflexively headbutt those who attack you in melee.


Message History

No target in view!
No target in view!
No target in view!
You hear some strange, mumbled words.
Something tries to affect you, but you resist.
You see here 7 stones.
A rat comes into view.
Something hits you. You block the rat's attack.
You hear some strange, mumbled words.
You barely miss the rat. The rat bites you.
You hit the rat.
You kill the rat!
A worm comes into view.
You see here a rat corpse.
Found 8 gold pieces.
Found a stone staircase leading down.
You hear some strange, mumbled words.
You see here a rat corpse.
You miss something. Your headbutt misses something. Something hits you. x2
You miss something.
You hear some strange, mumbled words.
Something tries to affect you, but you resist.
Something hits you.
You hear some strange, mumbled words.
You feel yourself slow down.
You miss something. Something hits you. x2
You hear some strange, mumbled words.
Something hits you. Something hits you but does no damage.
You hear some strange, mumbled words.
You feel as though you will be slow longer.
Pain shoots through your body!
* * * LOW HITPOINT WARNING * * *
You hear some strange, mumbled words.
Something hits you but does no damage.
You hit something. Your headbutt misses something.
Something hits you but does no damage. Something hits you!
* * * LOW HITPOINT WARNING * * *
Something hits you but does no damage.
You hit something. You barely miss the worm.
Something hits you but does no damage. x2; The worm bites you.
You die...

# #.# ....
.....####
........#
.$...##†#
..>..##.#
#############.##w#
..............##@#
.###########..##{#
†## ...........#
#.## .#####..####
##.###.#####..#
##...........#
##.###....##.##
#.## ####.##.# .##
#.##.#


You could see a worm.

Vanquished Creatures
  A dart slug (D:1)
  A ball python (D:1)
  2 bats (D:1)
  2 endoplasms
  2 hobgoblins (D:1)
  A kobold (D:1)
  A quokka (D:1)
  2 frilled lizards
  4 goblins
  2 rats
18 creatures vanquished.

Notes
Turn   | Place    | Note
-------+----------+-------------------------------------------
     0 | D:1      | retardedninja the Minotaur Fighter began the quest for the
                  | Orb.
     0 | D:1      | Reached XP level 1. HP: 19/19 MP: 0/0
   259 | D:1      | Reached XP level 2. HP: 27/27 MP: 1/1
   324 | D:1      | Reached skill level 4 in Armour
   409 | D:1      | Found a faded altar of an unknown god.
   846 | D:2      | Identified the +2 quarterstaff "Riackew" {vorpal, Dex+3}
   898 | D:2      | Noticed Jessica
   916 | D:2      | HP: 1/27 [something (7)]
   917 | D:2      | Slain by a worm

Illustrated notes

Levels and vault maps discovered:
D:1:      minmay_arrival_four_circles, layout_basic, basic_ecumenical_altar
D:2:      cheibrodos_pilgrimage, layout_loops_ring, reono_crystal_passage,
          uniq_jessica

Skill      XL: |  1  2 |
---------------+-------+-----
Armour         | 4 |  4.2
Axes           | 3 |  3.0
Fighting       | |  3.9
Shields        | |  3.8

Action                   || total
-------------------------++-------
Melee: War axe           ||    37
       Headbutt          ||     3
Armor: Scale mail        ||    21
Dodge: Dodged            ||    13
Block: Buckler           ||     6

Table legend: (Time is in decaauts)
 A = Elapsed time spent in this place.
 B = Non-inter-level travel time spent in this place.
 C = Inter-level travel time spent in this place.
 D = Time resting spent in this place.
 E = Time spent auto-exploring this place.
 F = Levels seen in this place.
 G = Mean time per level.
                   A        B        C        D        E       F      G
               +--------+--------+--------+--------+--------+-----+--------+
         Total |    934 |    931 |      3 |      0 |    787 |   2 |  467.0 |
       Dungeon |    934 |    931 |      3 |      0 |    787 |   2 |  467.0 |
               +--------+--------+--------+--------+--------+-----+--------+

Top non-repeatable levels by time:
     D:1: 791 daAuts
     D:2: 143 daAuts
